 Dungeon Crawl Stone Soup version 0.29-a0-834-g1e95ca9f62 (webtiles) character file.

Game seed: 4498959052795281335

2757 Spectrina the Sneak (level 10, -4/77 HPs)
             Began as a Human Monk on July 12, 2022.
             Was a High Priest of Trog.
             Killed from afar by Maggie (15 damage)
             ... with a bolt of fire
             ... on level 8 of the Dungeon on July 13, 2022.
             The game lasted 00:32:59 (3457 turns).

Spectrina the Sneak (Human Monk)                    Turns: 3457, Time: 00:32:59

Health: -4/77      AC:  9    Str: 14    XL:     10   Next: 0%
Magic:  10/10      EV:  7    Int: 11    God:    Trog [*****.]
Gold:   488        SH:  4    Dex: 17    Spells: 9/9 levels left

rFire   . . .      SeeInvis .   G - +8 demon blade "Leech" {vamp, Harm Drain rN+}
rCold   . . .      Faith    .   z - +0 buckler
rNeg    + . .      Spirit   .   v - +0 chain mail
rPois   .          Reflect  .   (no helmet)
rElec   .          Harm     +   (no cloak)
rCorr   +          Rampage  .   (no gloves)
Will    .....                   (no boots)
Stlth   ..........              (no amulet)
HPRegen 0.22/turn               F - ring of resist corrosion
MPRegen 0.12/turn               (no ring)

@: mesmerised
A: no striking features
a: Renounce Religion, Berserk, Trog's Hand, Brothers in Arms


You were on level 8 of the Dungeon.
You worshipped Trog.
Trog was extremely pleased with you.
You visited 1 branch of the dungeon, and saw 8 of its levels.
You also visited: Sewer.

You collected 488 gold pieces.

Inventory:

Hand Weapons
 a - a +1 dagger of electrocution
 d - a +0 mace
 p - the +6 lajatang "Wumyzosuoph" {freeze, rC+ rCorr Int-3}
   (You found it on level 4 of the Dungeon)

   It freezes those it strikes, dealing additional cold damage.
   It can also slow down cold-blooded creatures.
   Int:       It affects your intelligence (-3).
   rC:        It protects you from cold.
   rCorr:     It protects you from acid and corrosion.
 G - the +8 demon blade "Leech" (weapon) {vamp, Harm Drain rN+}
   (You took it off a centaur on level 6 of the Dungeon)

   It heals its wielder for a portion of the damage dealt every time it strikes
   a living foe.
   rN:        It protects you from negative energy.
   Drain:     It drains your maximum health when unequipped.
   Harm:      It increases damage dealt and taken.
 H - a +0 shortbow
Missiles
 t - 27 poisoned darts (quivered)
Armour
 b - a +0 robe
 v - a +0 chain mail (worn)
 z - a +0 buckler (worn)
 D - a +1 leather armour of positive energy
Jewellery
 F - a ring of resist corrosion (left hand)
Wands
 y - a wand of digging (3)
 E - a wand of mindburst (6)
Scrolls
 f - 2 scrolls of fear {unknown}
 i - 5 scrolls of teleportation {unknown}
 j - 2 scrolls of immolation
 m - 3 scrolls of vulnerability {unknown}
 o - 4 scrolls of identify {unknown}
 s - 3 scrolls of enchant armour {unknown}
 w - a scroll of blinking {unknown}
 A - a scroll of noise {unknown}
 C - a scroll of torment {unknown}
Potions
 c - 2 potions of ambrosia
 e - 8 potions of curing
 g - a potion of attraction {unknown}
 h - 3 potions of invisibility {unknown}
 k - 2 potions of mutation {unknown}
 l - a potion of brilliance {unknown}
 n - 2 potions of might
 q - 2 potions of cancellation {unknown}
 r - a potion of heal wounds {unknown}
 u - a potion of magic {unknown}
 x - a potion of haste
 B - a potion of berserk rage {unknown}


   Skills:
 + Level 6.4 Fighting
 - Level 2.5(2.6) Short Blades
 * Level 0.4(1.6) Long Blades
 - Level 3.0(5.0) Maces & Flails
 - Level 6.2(6.6) Staves
 - Level 4.1 Throwing
 + Level 3.9 Armour
 + Level 5.1 Dodging
 + Level 6.5 Stealth


You had 9 spell levels left.
You didn't know any spells.
Your spell library was empty.

Dungeon Overview and Level Annotations

Branches:
Dungeon (8/15)             Temple (0/1) D:6           Sewer (visited)
   Lair: D:8-11

Altars:
Gozag
Qazlal
Trog

Annotations:
D:2 Sigmund
D:6 3 runed translucent doors, bchevrier's ghost, novice GnWn
D:8 Maggie


Message History

Maggie says, "Fear not.
I will immortalize you in the tale of my first kill."
Maggie hits you with a +0 broad axe.
You closely miss Maggie. Maggie hits you with a +0 broad axe.
Unknown command.
You completely miss Maggie.
Maggie says, "Fear not.
I will immortalize you in the tale of my first kill."
Maggie casts a spell at you. The bolt of fire hits you!
Maggie casts a spell at you. The bolt of fire misses you.
Unknown command.
Your ogre goes berserk!
Maggie hits you with a +0 broad axe! x2
Unknown command.
You slash Maggie!
You feel better.
Maggie is moderately wounded.
Maggie points at you and mumbles some strange words.
The bolt of fire hits you!
* * * LOW HITPOINT WARNING * * *
The bolt of fire hits your ogre! Maggie hits you with a +0 broad axe!
* * * LOW HITPOINT WARNING * * *
Maggie hits your ogre with a +0 broad axe!
Okay, then.
Unknown command.
You barely miss Maggie.
Maggie is moderately wounded.
Your ogre hits Maggie with a +0 giant club!
Maggie hits you with a +0 broad axe.
* * * LOW HITPOINT WARNING * * *
Maggie hits your ogre with a +0 broad axe.
Your ogre closely misses Maggie.
Maggie hits you with a +0 broad axe.
* * * LOW HITPOINT WARNING * * *
Maggie hits your ogre with a +0 broad axe.
Unknown command.
Unknown command.
You slash Maggie!
You feel better.
Maggie is severely wounded.
Maggie casts a spell at you. The bolt of fire hits you!
You die...

#.########.....)...
#.### #..........
#.#.........####...
#.#.######..# #...
#.#.# #..# #...
#.#.# #..# #...
#.#.# #..# ##..
#.#.######... ...
#@@.>..... #..
#.(..O......#
#.##...####.# #
#.>.# #...# #...#
#...# #...#


You could see Maggie (mesmerising, fast, ally target) and a friendly ogre
(summoned, berserk).

Vanquished Creatures
  A yak (D:5)
  A steam dragon (D:6)
  A water moccasin (D:5)
  2 black bears (D:6)
  An ice beast (D:7)
  A sky beast (D:7)
  2 ogres (D:6)
  A centaur (D:6)
  2 phantoms
  4 kobold brigands
  2 bullfrogs
  4 necrophages
  2 scorpions
  3 hounds (D:6)
  5 jellies
  2 orc priests (D:5)
  Jessica (D:3)
  6 iguanas
  4 orc wizards
  6 gnolls
  10 adders
  A shadow imp (D:6)
  3 white imps
  3 dart slugs
  2 worms
  17 orcs
  4 endoplasms
  7 giant cockroaches
  3 hobgoblins
  7 jackals
  A quokka (D:2)
  10 ball pythons
  3 bats
  4 frilled lizards
  2 goblins
  16 kobolds
  8 rats
152 creatures vanquished.

Vanquished Creatures (others)
  A fungus (D:6)
  3 plants (D:6)
4 creatures vanquished.

Grand Total: 156 creatures vanquished

Notes
Turn   | Place    | Note
-------+----------+-------------------------------------------
     0 | D:1      | Spectrina the Human Monk began the quest for the Orb.
     0 | D:1      | Reached XP level 1. HP: 18/18 MP: 1/1
   176 | D:1      | Reached XP level 2. HP: 23/24 MP: 2/2
   311 | D:2      | Reached skill level 1 in Short Blades
   315 | D:2      | Reached XP level 3. HP: 24/29 MP: 3/3
   322 | D:2      | Found a faded altar of an unknown god.
   361 | D:2      | Prayed at the altar of an unknown god.
   361 | D:2      | Became a worshipper of Trog the Wrathful
   361 | D:2      | Reached * piety under Trog
   361 | D:2      | Reached ** piety under Trog
   605 | D:3      | Reached *** piety under Trog
   636 | D:4      | Noticed a necrophage
   645 | D:4      | Killed a necrophage
   646 | D:4      | Reached XP level 4. HP: 36/37 MP: 4/4
   646 | D:4      | Reached XP level 5. HP: 42/42 MP: 5/5
   882 | D:4      | Identified the +6 lajatang "Wumyzosuoph" {freeze, rC+ rCorr
                  | Int-3}
   908 | D:4      | Found a glowing drain.
   940 | Sewer    | Entered a sewer
   959 | Sewer    | Noticed a kobold brigand
   959 | Sewer    | Noticed a kobold brigand
   968 | Sewer    | Killed a kobold brigand
   969 | Sewer    | Reached skill level 1 in Staves
   969 | Sewer    | Reached XP level 6. HP: 15/49 MP: 6/6
  1148 | Sewer    | Reached XP level 7. HP: 20/55 MP: 7/7
  1192 | Sewer    | Reached **** piety under Trog
  1261 | D:4      | Reached skill level 1 in Throwing
  1348 | D:2      | Upgraded the game from 0.29-a0-830-gcb1280458a to
                  | 0.29-a0-834-g1e95ca9f62
  1388 | D:2      | Noticed Sigmund
  1506 | D:3      | Noticed Jessica
  1511 | D:3      | Killed Jessica
  1669 | D:4      | Found a stormy altar of Qazlal.
  1681 | D:5      | Entered Level 5 of the Dungeon
  1877 | D:5      | Reached skill level 5 in Fighting
  1897 | D:5      | Found an opulent altar of Gozag.
  1931 | D:5      | Noticed a yak
  1943 | D:5      | Reached skill level 1 in Armour
  1971 | D:5      | Killed a yak
  1972 | D:5      | Reached skill level 5 in Stealth
  1972 | D:5      | Reached XP level 8. HP: 24/62 MP: 8/8
  2605 | D:6      | Reached XP level 9. HP: 66/69 MP: 9/9
  2622 | D:6      | Reached ***** piety under Trog
  2632 | D:6      | Reached skill level 5 in Staves
  2703 | D:6      | Found a staircase to the Ecumenical Temple.
  2749 | D:6      | Found a runed translucent gate.
  2750 | D:6      | Found a runed translucent gate.
  2792 | D:6      | Found a runed translucent gate.
  2797 | D:6      | Noticed bchevrier's ghost (novice GnWn)
  3084 | D:7      | Reached skill level 5 in Dodging
  3422 | D:8      | Reached XP level 10. HP: 77/77 MP: 10/10
  3447 | D:8      | Noticed Maggie
  3456 | D:8      | HP: 1/77 [Maggie/+0 broad axe (3)]
  3457 | D:8      | Killed from afar by Maggie

Illustrated notes

Levels and vault maps discovered:
D:1:      minmay_arrival_solitary_statue, layout_loops_ring,
          minmay_misc_feat_secret_circle, hangedman_decor_diamond_cutter
D:2:      layout_basic, hellmonk_ecumenical_altar_blasted, uniq_sigmund
D:3:      cheibrodos_thug_alley, layout_loops_ring, st_stairs_7, uniq_jessica
D:4:      layout_basic, general_overflow_altar, portal_sewer_entry_b,
          minmay_checkerbox
D:5:      layout_basic, nicolae_gozag_cash_rules_everything_around_me,
          minmay_manual_mail
D:6:      layout_cave_pools, minmay_temple_entry_sparse_star,
          gammafunk_ghost_nasty_kobolds, serial_park_tiny_2,
          minmay_alternating_orb
D:7:      layout_rooms, lemuel_mausoleum_altar_kikubaaqudgha
D:8:      layout_loops_ring, lemuel_coloured_pillars_altar, uniq_maggie

Skill      XL: |  1  2  3  4  5  6  7  8  9 |
---------------+----------------------------+-----
Short Blades   | 1 2 |  2.5
Stealth        | 3 4 5 6 |  6.5
Fighting       | 4 5 6 |  6.4
Staves         | 1 2 3 4 6 |  6.2
Throwing       | 2 4 |  4.1
Armour         | 1 2 3 |  3.9
Dodging        | 4 5 |  5.1
Long Blades    | |  0.4
Maces & Flails | |  3.0

Action                   |  1- 3 |  4- 6 |  7- 9 | 10-12 || total
-------------------------+-------+-------+-------+-------++-------
Melee: Dagger            |    64 |    39 |       |       ||   103
       Punch             |     1 |     1 |       |       ||     2
       Lajatang          |       |    50 |   190 |       ||   240
       Demon blade       |       |       |    13 |     5 ||    18
Throw: Dart              |       |       |    76 |     3 ||    79
Invok: Berserk           |     1 |     3 |     4 |       ||     8
       Trog's Hand       |       |     1 |     1 |       ||     2
       Brothers in Arms  |       |       |       |     1 ||     1
  Use: Potion            |       |     1 |     2 |       ||     3
 Stab: Sleeping          |     3 |     3 |     3 |       ||     9
       Distracted        |       |       |     1 |       ||     1
Armor: Robe              |     6 |    14 |       |       ||    20
       Chain mail        |       |       |    74 |       ||    74
Dodge: Dodged            |    41 |    52 |    63 |     1 ||   157
Block: Buckler           |       |       |     1 |       ||     1

Table legend: (Time is in decaauts)
 A = Elapsed time spent in this place.
 B = Non-inter-level travel time spent in this place.
 C = Inter-level travel time spent in this place.
 D = Time resting spent in this place.
 E = Time spent auto-exploring this place.
 F = Levels seen in this place.
 G = Mean time per level.
                   A        B        C        D        E       F      G
               +--------+--------+--------+--------+--------+-----+--------+
         Total |   3594 |   3373 |    221 |      0 |      0 |   9 |  399.3 |
       Dungeon |   3281 |   3060 |    221 |      0 |      0 |   8 |  410.1 |
         Sewer |    313 |    313 |      0 |      0 |      0 |   1 |  313.0 |
               +--------+--------+--------+--------+--------+-----+--------+

Top non-repeatable levels by time:
     D:5: 926 daAuts
     D:6: 552 daAuts
     D:4: 473 daAuts
     D:1: 394 daAuts
     D:2: 328 daAuts
   Sewer: 313 daAuts
     D:3: 255 daAuts
     D:7: 231 daAuts
     D:8: 119 daAuts
